 Dungeon Crawl Stone Soup version 0.22-a0-469-gf26638a71f (webtiles) character file.

633 Banto the Covert (level 7, -2/39 (41) HPs)
             Began as an Octopode Earth Elementalist on June 13, 2018.
             Shot with an arrow by a centaur (10 damage)
             ... on level 5 of the Dungeon.
             The game lasted 00:05:29 (4825 turns).

Banto the Covert (Octopode Earth Elementalist)      Turns: 4825, Time: 00:05:29

HP:   -2/39 (41)    AC:  1    Str:  7    XL:     7   Next: 49%
MP:   10/10         EV: 13    Int: 19    God:
Gold: 211           SH:  0    Dex: 11    Spells: 4/10 levels left

rFire    . . .     SeeInvis .   g - +1 dagger (venom)
rCold    . . .     Gourm    +   (no shield)
rNeg     + . .     Faith    .   (helmet restricted)
rPois    .         Spirit   .   h - amulet of the gourmand
rElec    .         Reflect  .   p - ring of positive energy
rCorr    .         Harm     .   (no ring)
MR       +....                  (no ring)
Stlth    +++++.....             (no ring)
HPRegen  0.00/turn              (no ring)
MPRegen  0.12/turn              (no ring)
                                (no ring)
                                (no ring)

@: no status effects
A: almost no armour, stealthy swim, amphibious, 8 rings, constrict 8, camouflage
1, clumsy 1, magic resistance 1, inhibited regeneration, gelatinous body 1
a: no special abilities


You were on level 5 of the Dungeon.
You were not hungry.

You visited 2 branches of the dungeon, and saw 6 of its levels.

You collected 211 gold pieces.

Inventory:

Hand Weapons
 g - a +1 dagger of venom (weapon)
Missiles
 b - 125 stones (quivered)
 l - a throwing net
Jewellery
 h - an amulet of the gourmand (around mantle)
 p - a ring of positive energy (left tentacle)
Scrolls
 a - 2 scrolls of fog
 d - a scroll of magic mapping
 i - 3 scrolls of identify
 m - 2 scrolls of enchant weapon
Potions
 e - 2 potions of resistance
 f - a potion of invisibility
 j - a potion of berserk rage {unknown}
 k - a potion of haste
 n - a potion of curing
Comestibles
 c - 9 rations


   Skills:
 - Level 2.0 Dodging
 + Level 8.4 Stealth
 - Level 2.0 Spellcasting
 - Level 1.0 Transmutations
 + Level 6.3 Earth Magic


You had 4 spell levels left.
You knew the following spells:

 Your Spells              Type           Power        Failure   Level  Hunger
a - Sandblast             Erth           ####..       1%          1    #......
b - Passwall              Tmut/Erth      ###.....     5%          2    ###....
c - Stone Arrow           Conj/Erth      ##....       14%         3    ###....

Your spell library contained the following spells:

 Spells                   Type           Power        Failure   Level  Hunger
 Lee's Rapid Deconstruct  Erth           ####......   34%         5    ######.
 Petrify                  Tmut/Erth      ###.....     36%         4    #####..


Dungeon Overview and Level Annotations

Branches:
Dungeon (5/15)             Temple (1/1) D:4

Altars:
Ashenzari
Cheibriados
Dithmenos
Fedhas
Hepliaklqana
Kikubaaqudgha
Nemelex Xobeh
Okawaru
Xom
Yredelemnul
The Shining One
Lugonu

Annotations:
D:2 1 runed door
D:4 epok's ghost, amateur GrBe
D:5 Pikel


Innate Abilities, Weirdness & Mutations

You cannot wear most types of armour.
You are very stealthy in the water. (Stealth+)
You are amphibious.
You can wear up to eight rings at the same time.
You can use your tentacles to constrict eight enemies at once.
Your skin changes colour to match your surroundings (Stealth+).
Your rubbery body absorbs attacks. (AC +1, EV +1)
You are clumsy. (Dex -2)
You are resistant to hostile enchantments. (MR+)
You do not regenerate when monsters are visible.


Message History

You catch the helpless jackal completely off-guard!
You puncture the jackal!
You kill the jackal!
A jelly comes into view.
A slave comes into view.
You see here a jackal corpse.
A slave comes into view. x2; A centaur comes into view.
The slave moves out of view.
Press: ? - help, v - describe, . - travel
Here: Pikel, wielding a whip of freezing and wearing a robe (hasn't noticed you)
The floor.
The jackal barks!
The centaur shouts!
You hear a shout!
The jelly quivers.
The centaur wields a shortbow.
The centaur shoots an arrow.
The arrow misses you.
The centaur shoots an arrow.
The arrow hits you!
You take 9 damage, and have 15/39 hp.
MASSIVE DAMAGE!!
The centaur shoots an arrow.
The arrow hits you!
* * * LOW HITPOINT WARNING * * *
The centaur shoots an arrow.
The arrow hits you!
You die...

#..............# #.....†..
####...........# #........
##..........# #........
###........###........
#..#.###............
###..#.#<..###........
##........### #........
#####.....#.#######........
.#.......(h@.#.....####..###
.)......†...##.....# #.##
.............".....# #.#
#p....J..#####.....# #.#
#..#.#..)# #.....# #.#
#.pK.....# #.....# #.#
#.###....########### #.#
p..pc...[...## #.#
.###.#..##..### ##.#


You could see a centaur, a jelly and a jackal.

Vanquished Creatures
  Grinder (D:3)
  A necrophage (D:4)
  An ogre (D:5)
  A scorpion (D:5)
  A bullfrog skeleton (D:5)
  An orc priest (D:3)
  Jessica (D:3)
  A worker ant (D:4)
  2 adders (D:3)
  2 oozes
  An adder skeleton (D:4)
  6 worms
  3 dart slugs
  4 leopard geckos
  3 orcs (D:3)
  A ball python (D:1)
  2 giant cockroaches
  2 goblins
  4 hobgoblins
  6 jackals
  4 quokkas
  5 bats
  5 frilled lizards
  A jackal skeleton (D:2)
  6 kobolds
  8 rats
73 creatures vanquished.

Notes
Turn   | Place    | Note
-------+----------+-------------------------------------------
     0 | D:1      | Banto the Octopode Earth Elementalist began the quest for the Orb.
     0 | D:1      | Reached XP level 1. HP: 11/11 MP: 3/3
   366 | D:1      | Reached skill level 3 in Stealth
   373 | D:1      | Reached XP level 2. HP: 15/17 MP: 5/5
   883 | D:2      | Reached XP level 3. HP: 21/21 MP: 6/6
   912 | D:2      | Reached skill level 4 in Stealth
  1354 | D:2      | Learned a level 2 spell: Passwall
  1358 | D:2      | Learned a level 3 spell: Stone Arrow
  1675 | D:2      | Found a runed door.
  1675 | D:2      | Noticed a human
  1677 | D:2      | Found a basalt altar of Yredelemnul.
  2361 | D:3      | Found a glowing golden altar of the Shining One.
  2380 | D:3      | Reached XP level 4. HP: 20/27 MP: 7/7
  2781 | D:3      | Reached skill level 5 in Stealth
  2816 | D:3      | Noticed Grinder
  2860 | D:3      | Paralysed by Grinder for 7 turns
  2879 | D:3      | Gained mutation: You do not regenerate when monsters are visible. [potion of mutation]
  2879 | D:3      | Gained mutation: You are clumsy. (Dex -2) [potion of mutation]
  2879 | D:3      | Gained mutation: You are resistant to hostile enchantments. (MR+) [potion of mutation]
  2892 | D:3      | Killed Grinder
  2892 | D:3      | Reached skill level 6 in Stealth
  2892 | D:3      | Reached skill level 5 in Earth Magic
  2892 | D:3      | Reached XP level 5. HP: 17/31 MP: 0/8
  2892 | D:3      | Reached XP level 6. HP: 20/36 MP: 0/9
  2901 | D:3      | Noticed Jessica
  2906 | D:3      | Killed Jessica
  2920 | D:3      | Found an iron altar of Okawaru.
  3066 | D:3      | Reached skill level 7 in Stealth
  3447 | D:4      | Noticed epok's ghost (amateur GrBe)
  3546 | D:4      | Found a shadowy altar of Dithmenos.
  3850 | D:4      | Found a staircase to the Ecumenical Temple.
  3851 | D:4      | Noticed a necrophage
  3933 | D:4      | Killed a necrophage
  3933 | D:4      | Reached XP level 7. HP: 38/39 MP: 5/10
  3996 | Temple   | Entered the Ecumenical Temple
  4114 | D:4      | Found a hazy altar of Hepliaklqana.
  4259 | D:4      | Found a basalt altar of Yredelemnul.
  4511 | D:5      | Entered Level 5 of the Dungeon
  4626 | D:5      | Reached skill level 8 in Stealth
  4817 | D:5      | Noticed Pikel
  4825 | D:5      | Shot with an arrow by a centaur

Vault maps used:
D:1:      wheals_arrival_linesprint
D:2:      first_ration, serial_bayou_pond_d, st_stairs_1, dk_yredelemnul_ordeal
D:3:      lemuel_coloured_pillars_altar, lemuel_crystal_altar,
          minmay_misc_feat_roman, uniq_jessica, uniq_grinder
D:4:      nicolae_dithmenos_shadow_blocks, lemuel_round_altar, kennysheep_mini,
          nicolae_overflow_hidden_temple, minmay_temple_entry_butterflies
D:5:      chequers_temple_overflow_minitemple, grunt_qazlal_sundering,
          serial_shops, shop_statue, uniq_pikel
Temple:   corrupted_temple

Skill      XL: |  1  2  3  4  5  6  7 |
---------------+----------------------+-----
Stealth        | 3 4 6 7 8 |  8.4
Earth Magic    | 5 6 |  6.3
Dodging        | |  2.0
Spellcasting   | |  2.0
Transmutations | |  1.0

Action                   |  1- 3 |  4- 6 |  7- 9 || total
-------------------------+-------+-------+-------++-------
Melee: Dagger            |    74 |    54 |    19 ||   147
       Unarmed           |     5 |       |       ||     5
       Tentacles         |     6 |    10 |     3 ||    19
       Constrict         |    18 |    18 |     3 ||    39
 Cast: Sandblast         |     6 |    19 |     8 ||    33
       Stone Arrow       |     1 |       |       ||     1
       Passwall          |       |     4 |       ||     4
  Use: Scroll            |     7 |     1 |     3 ||    11
       Potion            |       |     6 |       ||     6
 Stab: Sleeping          |    11 |     5 |     1 ||    17
       Distracted        |       |       |     2 ||     2
  Eat: Chunk             |     4 |     5 |     3 ||    12
       Ration            |       |       |     1 ||     1
Armor: Skin              |     3 |     2 |       ||     5
Dodge: Dodged            |    45 |    32 |    11 ||    88

Table legend:
 A = Spawn XP
 B = Non-spawn XP
 C = Spawn XP percentage of total XP
 D = Spawn monster count
 E = Non-spawn monster count
 F = Spawn count percentage of total count
 G = Total turns spent on level
                    A         B        C        D         E        F      G
               +---------+---------+-------+---------+---------+-------+---------
         Total |       0 |     905 |   0.0 |       0 |      73 |   0.0 |  4825
               +---------+---------+-------+---------+---------+-------+---------
           D:1 |       0 |      32 |   0.0 |       0 |      14 |   0.0 |   863
           D:2 |       0 |      45 |   0.0 |       0 |      19 |   0.0 |  1699
           D:3 |       0 |     427 |   0.0 |       0 |      28 |   0.0 |   942
           D:4 |       0 |     171 |   0.0 |       0 |       7 |   0.0 |   967
           D:5 |       0 |     230 |   0.0 |       0 |       5 |   0.0 |   314
               +---------+---------+-------+---------+---------+-------+---------

Table legend:
 A = Turns spent in this place as a percentage of turns spent in the entire game.
 B = Non-inter-level travel turns spent in this place as a percentage of non-inter-level travel turns spent in the entire game.
 C = Inter-level travel turns spent in this place as a percentage of turns spent in this place.
 D = Turns resting spent in this place as a percentage of non-inter-level travel turns spent in this place.
 E = Turns spent auto-exploring this place as a percentage of non-inter-level travel turns spent in this place.
 F = Non-inter-level travel turns spent in this place divided by the number of levels of this place that you've seen.
                   A       B       C       D       E      F
               +-------+-------+-------+-------+-------+----------------------
         Total | 100.0 | 100.0 |   2.3 |  33.9 |  48.6 | 785.5
       Dungeon |  99.2 |  99.4 |   2.1 |  34.2 |  48.4 | 936.8
        Temple |   0.8 |   0.6 |  27.5 |   0.0 |  93.1 |  29.0
               +-------+-------+-------+-------+-------+----------------------

Table legend:
 A = Kills in this place as a percentage of kills in entire the game.
 B = Kills by you in this place as a percentage of kills by you in the entire game.
 C = Kills by friends in this place as a percentage of kills by friends in the entire game.
 D = Other kills in this place as a percentage of other kills in the entire game.
 E = Experience gained in this place as a percentage of experience gained in the entire game.
 F = Experience gained in this place divided by the number of levels of this place that you have seen.
                   A       B       C       D       E      F
               +-------+-------+-------+-------+-------+----------------------
         Total | 100.0 | 100.0 |   N/A |   N/A | 100.0 | 150.8
       Dungeon | 100.0 | 100.0 |   N/A |   N/A | 100.0 | 181.0
               +-------+-------+-------+-------+-------+----------------------
